 Dungeon Crawl Stone Soup version 0.24.0-35-gdb84b6a5db (webtiles) character file.

Game seed: 16544618111252500449, levelgen mode: deterministic

51 Mesmaeker13 the Conjurer (level 3, -4/26 HPs)
             Began as a Draconian Conjurer on Nov 18, 2019.
             Asphyxiated
             ... on level 3 of the Dungeon.
             The game lasted 00:03:11 (2458 turns).

Mesmaeker13 the Conjurer (Draconian Conjurer)       Turns: 2458, Time: 00:03:11

Health: -4/26      AC:  8    Str: 10    XL:     3   Next: 57%
Magic:  7/7        EV: 12    Int: 21    God:
Gold:   79         SH:  0    Dex: 11    Spells: 4/7 levels left

rFire    . . .     SeeInvis .   c - +0 short sword
rCold    . . .     Gourm    .   (no shield)
rNeg     . . .     Faith    .   (armour unavailable)
rPois    .         Spirit   .   (helmet restricted)
rElec    .         Reflect  .   (no cloak)
rCorr    .         Harm     .   n - +2 pair of gloves
MR       .....                  (no boots)
Stlth    +.........             (no amulet)
HPRegen  0.08/turn              e - +5 ring of intelligence
MPRegen  0.10/turn              (no ring)

@: lethally poisoned (-4 -> -35), very slightly contaminated, slowed, heavily
drained, very slow
A: unfitting armour, cold-blooded, AC +5
a: no special abilities


You were on level 3 of the Dungeon.
You were hungry.

You visited 1 branch of the dungeon, and saw 3 of its levels.

You collected 79 gold pieces.

Inventory:

Hand Weapons
 c - a +0 short sword (weapon)
Armour
 f - a +0 shield
 n - a +2 pair of gloves (worn)
Jewellery
 e - a +5 ring of intelligence (left hand)
Scrolls
 d - a scroll of amnesia
 i - 2 scrolls of immolation {unknown}
 j - a scroll of remove curse {unknown}
 k - 3 scrolls of magic mapping {unknown}
Potions
 a - a potion of cancellation
 g - a potion of ambrosia
 h - a potion of lignification {unknown}
 l - a potion of brilliance {unknown}
 m - 2 potions of heal wounds {unknown}
 o - 2 potions of curing {unknown}
Comestibles
 b - 5 rations


   Skills:
 + Level 2.5(1.3) Dodging
 - Level 1.7(0.6) Stealth
 + Level 2.7(1.5) Spellcasting
 + Level 4.4(3.2) Conjurations


You had 4 spell levels left.
You knew the following spells:

 Your Spells              Type           Power        Failure   Level  Hunger
a - Magic Dart            Conj           ###.         4%          1    #......
b - Searing Ray           Conj           ###...       6%          2    ###....

Your spell library contained the following spells:

 Spells                   Type           Power        Failure   Level  Hunger
 Dazzling Spray           Conj/Hex       #.....       24%         3    ###....
 Iskenderun's Mystic Bla  Conj           ###.....     38%         4    #####..
 Force Lance              Conj/Tloc      #.......     61%         4    #####..
 Fulminant Prism          Conj/Hex       #.........   61%         4    #####..


Dungeon Overview and Level Annotations

Branches:
Dungeon (3/15)

Altars:

Annotations:
D:2 Terence


Innate Abilities, Weirdness & Mutations

Your plain brown scales are hard. (AC +5)
You cannot fit into any form of body armour.
You are cold-blooded and may be slowed by cold attacks.


Message History

You are more poisoned.
You have difficulty breathing.
* * * LOW HITPOINT WARNING * * *
You feel as though you will be slow longer.
You are confused.
You feel invigorated.
* * * LOW HITPOINT WARNING * * *
You feel very sick.
The kobold throws a curare-tipped dart.
The curare-tipped dart closely misses you.
Unknown command.
You feel less invigorated.
You feel less confused.
You feel very sick.
* * * LOW HITPOINT WARNING * * *
You feel very sick.
The kobold throws a curare-tipped dart.
The curare-tipped dart hits you.
You are more poisoned.
You have difficulty breathing.
You die...

#.......# ###.###.######
#....##.# #.#........#
###.#####.# #.#.##.###.#
....# ##.#######.#.##.# #.#
.#### #..........#....###.#
.# #..#####.........##.# .#
#..# #.#######.##.#
.#######..#####.#######.##.#
..........#.....@.....#.##.#
#########.#.###.#####.#....#
#.#.# #(# ###### #.#.#
#K..K...# ###.#.# #########
#...#.# #.###.# #.....#
#######


You could see a kobold.

Vanquished Creatures
  An adder (D:2)
  A worm (D:3)
  2 leopard geckos (D:2)
  3 orcs
  5 bats
  3 giant cockroaches
  2 goblins
  A hobgoblin (D:3)
  7 jackals
  3 kobolds
  2 rats (D:3)
30 creatures vanquished.

Notes
Turn   | Place    | Note
-------+----------+-------------------------------------------
     0 | D:1      | Mesmaeker13 the Draconian Conjurer began the quest for the
                  | Orb.
     0 | D:1      | Reached XP level 1. HP: 14/14 MP: 3/3
   707 | D:2      | Reached XP level 2. HP: 18/20 MP: 3/5
   947 | D:2      | Learned a level 2 spell: Searing Ray
  1264 | D:2      | Reached XP level 3. HP: 26/26 MP: 1/6
  1505 | D:2      | Noticed Terence
  2455 | D:3      | HP: 1/26 [asphyx]
  2458 | D:3      | Asphyxiated

Levels and vault maps discovered:
D:1:      minmay_arrival_five_plusses, layout_basic,
          chequers_serial_rivers_micro_a
D:2:      layout_loops_corners, kennysheep_vampire_church,
          hangedman_feature_mirror, minmay_tromino_i4, uniq_terence
D:3:      layout_basic

Skill      XL: |  1 |
---------------+----+-----
Dodging        | 2 |  2.5
Stealth        | |  1.7
Spellcasting   | |  2.7
Conjurations   | |  4.4

Action                   || total
-------------------------++-------
Melee: Short sword       ||    24
       Tailslap          ||     3
 Cast: Magic Dart        ||    60
       Searing Ray       ||     4
  Use: Scroll            ||     3
       Potion            ||     1
  Eat: Chunk             ||     6
Armor: Skin              ||    21
Dodge: Dodged            ||    36
